 Dungeon Crawl Stone Soup version 0.27.1-34-g3ba077fa99 (webtiles) character file.

Game seed: 412954404403308852

11 cbfl8 the Sneak (level 2, -2/27 HPs)
             Began as a Minotaur Delver on Jan 20, 2022.
             Slain by a phantom (4 damage)
             ... on level 5 of the Dungeon.
             The game lasted 00:00:55 (321 turns).

cbfl8 the Sneak (Minotaur Delver)                    Turns: 321, Time: 00:00:56

Health: -2/27      AC:  3    Str: 16    XL:     2   Next: 17%
Magic:  1/1        EV: 11    Int:  7    God:
Gold:   11         SH:  0    Dex: 11    Spells: 1/1 levels left

rFire    . . .     SeeInvis .   a - +0 hand axe
rCold    . . .     Faith    .   (no shield)
rNeg     . . .     Spirit   .   b - +0 leather armour
rPois    .         Reflect  .   (helmet restricted)
rElec    .         Harm     .   (no cloak)
rCorr    .         Rampage  .   (no gloves)
Will     .....                  (no boots)
Stlth    ++........             (no amulet)
HPRegen  0.09/turn              (no ring)
MPRegen  0.07/turn              (no ring)

@: no status effects
A: horns 2, retaliatory headbutt
a: no special abilities


You were on level 5 of the Dungeon.
You visited 1 branch of the dungeon, and saw 2 of its levels.

You collected 11 gold pieces.

Inventory:

Hand Weapons
 a - a +0 hand axe (weapon)
Armour
 b - a +0 leather armour (worn)
Wands
 g - a wand of digging (3)
Scrolls
 c - a scroll of fog
 e - a scroll of fear
Potions
 f - a potion of haste


   Skills:
 + Level 3.7 Fighting
 + Level 2.4 Axes
 + Level 0.2 Armour
 + Level 2.2 Dodging
 + Level 4.4 Stealth


You had one spell level left.
You didn't know any spells.
Your spell library was empty.

Dungeon Overview and Level Annotations

Branches:
Dungeon (5/15)
 Temple: D:4-7

Altars:


Innate Abilities, Weirdness & Mutations

You have a pair of horns on your head.
You reflexively headbutt those who attack you in melee.


Message History

You hit the dart slug.
The dart slug is heavily wounded.
You hit the dart slug but do no damage.
The dart slug is heavily wounded.
The dart slug bites you.
You hit the dart slug.
The dart slug is severely wounded.
The dart slug bites you but does no damage.
You hit the dart slug.
You kill the dart slug!
You see here a dart slug corpse.
You start resting.
HP restored.
You open the door.
A phantom comes into view.
An orc comes into view. It is wielding a +0 war axe.
There is an open door here.
You close the door.
Something unseen opens the door.
The phantom hits you but does no damage.
You hit the phantom. Your headbutt misses the phantom.
The phantom is lightly damaged.
The phantom hits you!
Unknown command.
You hit the phantom.
The phantom is moderately damaged.
The phantom hits you!
Unknown command.
You hit the phantom but do no damage.
The phantom is moderately damaged.
The phantom hits you but does no damage.
Unknown command.
You completely miss the phantom.
The phantom is moderately damaged.
You barely miss the orc. The phantom hits you.
The phantom blinks!
You blink.
The phantom hits you!
* * * LOW HITPOINT WARNING * * *
Unknown command.
The orc completely misses you. The phantom hits you.
You die...

* ****** ******** ###### * *,,,,*
*,,,,,,####....###### * *,,,,*
*,,,,,,#..'....#..... * *,,,,*
*,,,,,,#..#....#..... *
*,,,,*****,,,,,,#..#....#..... *
*,,,,,,,,,#######..#....#'###.
****,,,,,,,,,#....##<.#.......##.
*,,*****,,,,,#..@.##..#.......#..
*,,* *,,,,,#..oW....#.......'..
*,,* *,,,,,#........#.......#..
*,,* *,,,,,#...ยง##..#.......#).
*,,*****,,,,,##'#######.......#..
*,,,,,,*,,,,,#........#.......#..
*****,,*,,,,.'....W...#.......#..
,,,,**+*,,...#..####..#.......#.#
,,,,,,,,.....#..#***,.#.....###.#


You could see a phantom and an orc.

Vanquished Creatures
  An adder (D:5)
  A dart slug (D:5)
2 creatures vanquished.

Notes
Turn   | Place    | Note
-------+----------+-------------------------------------------
     0 | D:5      | cbfl8 the Minotaur Delver began the quest for the Orb.
     0 | D:5      | Reached XP level 1. HP: 19/19 MP: 0/0
    61 | D:5      | Reached XP level 2. HP: 15/27 MP: 1/1
   218 | D:5      | Noticed a necrophage
   310 | D:5      | Noticed a phantom
   321 | D:5      | Slain by a phantom

Illustrated notes

Levels and vault maps discovered:
D:4:      layout_basic, jmf_multi_god_temple2, lemuel_round_altar,
          minmay_temple_entry_ruins, serial_shops,
          nicolae_shop_temple_entry_statues_fountains
D:5:      layout_gridville, grunt_gozag_statues, okawaru_trees_2,
          kennysheep_generic_room_15, uniq_edmund

Action                   || total
-------------------------++-------
Melee: Hand axe          ||    12
       Headbutt          ||     1
  Use: Scroll            ||     1
Armor: Leather armour    ||     5
Dodge: Dodged            ||     6
